 Dungeon Crawl Stone Soup version 0.14-a0-987-gc8002fa (webtiles) character file.

183 PolkaDot the Ruinous (level 4, -6/30 HPs)
             Began as a Vampire Conjurer on Nov 21, 2013.
             Was an Initiate of Vehumet.
             Killed by divine providence
             ... invoked by an orc priest
              (13 damage)
             ... on Level 3 of the Dungeon.
             The game lasted 00:13:05 (3500 turns).

PolkaDot the Ruinous (Vampire Conjurer)             Turns: 3500, Time: 00:13:05

HP  -6/30        AC  2     Str  7      XL: 4   Next: 57%
MP   3/8         EV 12     Int 18      God: Vehumet [......]
Gold 76          SH  0     Dex 14      Spells:  2 memorised,  2 levels left

Res.Fire  : . . .   See Invis. : +   i - +2,+0 falchion (slice)
Res.Cold  : . . .   Warding    : .   a - +0 robe
Life Prot.: + . .   Conserve   : .   (no shield)
Res.Poison: .       Res.Corr.  : .   (no helmet)
Res.Elec. : .       Clarity    : .   (no cloak)
Sust.Abil.: . .     Spirit.Shd : .   (no gloves)
Res.Mut.  : .       Stasis     : .   (no boots)
Res.Rott. : .       Flight     : .   (no amulet)
Saprovore : . . .                    (no ring)
                                     (no ring)

@: slightly resistant to hostile enchantments, stealthy
A: fangs 3, see invisible, unbreathing
a: Bat Form, Renounce Religion


You were on level 3 of the Dungeon.
You worshipped Vehumet.
Vehumet was noncommittal.
You were not thirsty.

You visited 1 branch of the dungeon, and saw 3 of its levels.

You collected 76 gold pieces.

Inventory:

Hand weapons
 i - a +2,+0 falchion of slicing (weapon)
Armour
 a - a +0 robe (worn)
Scrolls
 d - a scroll of magic mapping {unknown}
 e - a scroll of enchant weapon I {unknown}
 f - 2 scrolls of recharging {unknown}
 h - 2 scrolls of enchant weapon II {unknown}
Potions
 b - 2 potions of agility {unknown}
 g - a potion of heal wounds
Books
 c - a book of Conjurations

   Spells                             Type                      Level
   *Magic Dart                        Conjuration                  1
   *Searing Ray                       Conjuration                  2
   Dazzling Spray                     Conjuration/Hexes            3
   Iskenderun's Mystic Blast          Conjuration                  4
   Iskenderun's Battlesphere          Conjuration/Charms           4
   Fulminant Prism                    Conjuration/Hexes            5


   Skills:
 - Level 2.1 Dodging
 - Level 3.0 Stealth
 - Level 1.0 Spellcasting
 * Level 4.5 Conjurations


You had 2 spell levels left.
You knew the following spells:

 Your Spells              Type           Power        Failure   Level  Hunger
a - Magic Dart            Conj           ###.         3%          1    ##.....
s - Searing Ray           Conj           ###...       6%          2    ###....


Dungeon Overview and Level Annotations

Branches:
Dungeon (3/16)

Altars:
Fedhas
Vehumet


Innate Abilities, Weirdness & Mutations

You have razor-sharp teeth.*
You have supernaturally acute eyesight.
You can survive without breathing.*


Message History

Aim: an orc, wielding an orcish whip The searing ray hits the orc.
The orc is severely wounded.
The orc hits you with an orcish whip.
The searing ray misses the orc.
The searing ray hits the orc.
The orc is heavily wounded.
The orc hits you with an orcish whip.
* * * LOW HITPOINT WARNING * * *
The orc priest prays to Beogh.
You feel a wave of unholy energy pass over you.
The searing ray hits the orc.
You kill the orc!
Vehumet accepts your kill. The orc closely misses you.
The searing ray hits the orc.
You kill the orc!
Vehumet accepts your kill.
The orc priest calls down the wrath of Beogh upon you.
Something smites you!
You die...

# ..# #. #.# # ##.##.#
... ......# ... ##.#..#
#.# . .....# ...
...###..#######.#
#.#.#####.......@)).o..#
. .........##..#########
###..#####.#.....#
..%........#...#.#
###......####.##.####
.##>...........#....#
.##.#....####..####.#
+##.#....#.......##.#
....#....#.....#.##.#


You could see an orc priest.

Vanquished Creatures
  4 gnolls (D:2)
  2 adders
  2 giant geckos (D:2)
  An ooze (D:3)
  2 orcs (D:3)
  A giant cockroach (D:1)
  4 goblins
  6 hobgoblins
  8 jackals
  5 kobolds
  3 bats (D:1)
  3 giant newts
  2 quokkas
  3 rats
46 creatures vanquished.

Notes
Turn   | Place    | Note
--------------------------------------------------------------
     0 | D:1      | PolkaDot, the Vampire Conjurer, began the quest for the Orb.
     0 | D:1      | Reached XP level 1. HP: 13/13 MP: 4/4
   478 | D:1      | Reached XP level 2. HP: 19/19 MP: 1/5
   826 | D:1      | Learned a level 2 spell: Searing Ray
  1550 | D:2      | Reached XP level 3. HP: 6/24 MP: 0/6
  1896 | D:2      | HP: 1/24 [kobold/whip of flaming (1)]
  2270 | D:2      | HP: 1/24 [gnoll/spear (4)]
  2273 | D:2      | Reached skill level 4 in Conjurations
  2694 | D:2      | Reached XP level 4. HP: 20/30 MP: 8/8
  3444 | D:3      | Found a radiant altar of Vehumet.
  3444 | D:3      | Found a blossoming altar of Fedhas.
  3452 | D:3      | Became a worshipper of Vehumet
  3500 | D:3      | Killed from afar by an orc priest

Action                   |  1- 3 |  4- 6 || total
-------------------------+-------+-------++-------
Melee: Unarmed           |    53 |       ||    53
       Falchion          |    16 |     8 ||    24
 Cast: Magic Dart        |    66 |     4 ||    70
       Searing Ray       |     3 |     5 ||     8
  Use: Potion            |     3 |       ||     3
